 Dungeon Crawl Stone Soup version 0.16.0-6-gad6103a (webtiles) character file.

624469 Virusyak the Sensei (level 26, -11/382 (391) HPs)
             Began as a Pale Draconian Transmuter on Mar 15, 2015.
             Was the Champion of Cheibriados.
             Mangled by a torturous black sun
             ... wielding a +3 antimagic demon trident
              (24 damage)
             ... in Pandemonium.
             The game lasted 08:05:02 (57748 turns).

Virusyak the Sensei (Pale Draconian Transmuter)    Turns: 57748, Time: 08:05:02

HP:   -11/382 (391) AC: 22    Str: 39    XL:     26   Next: 61%
MP:   0/40          EV: 32    Int: 30    God:    Cheibriados [******]
Gold: 5880          SH:  0    Dex: 47    Spells: 9 memorised, 5 levels left

rFire  x . .     SeeInvis .       - Unarmed
rCold  . . .     Clarity  .     (armour unavailable)
rNeg   . . .     SustAb   +     (shield currently unavailable)
rPois  +         Gourm    .     b - melded +1 hat {Int+3} (curse)
rElec  +         Spirit   +     F - melded +2 cloak {MR+}
rCorr  .         Warding  .     (gloves currently unavailable)
rMut   .         Stasis   .     Z - melded +2 pair of boots (curse)
MR     ++...                    A - amulet of guardian spirit (curse)
Stlth  +++.......               c - ring "Nymy Xowuu" {SustAb rElec rF- MR+ Dex+6}
                                i - +5 ring of dexterity

@: dragon-form, flying, drained, very slow, very resistant to hostile
enchantments, fairly stealthy
A: breathe steam, unfitting armour, (claws 0), (fangs 0), (stinger 0), (talons
0), blurry vision 1, breathe flames 1, deterioration 1, high mp 1, robust 1,
(cold-blooded), forlorn, AC +12
a: Breathe Steam, End Transformation, Bend Time, Temporal Distortion, Slouch,
Step From Time, Renounce Religion, Breathe Fire
}: 4/15 runes: decaying, serpentine, silver, golden


You were in Pandemonium.
You worshipped Cheibriados.
Cheibriados was exalted by your worship.
You were very hungry.
You were a fearsome dragon!
You visited 12 branches of the dungeon, and saw 54 of its levels.
You visited Pandemonium 1 time, and saw 1 of its levels.

You collected 8934 gold pieces.
You spent 2245 gold pieces at shops.

Inventory:

Armour
 b - a cursed +1 hat of intelligence (melded)
 F - a +2 cloak of magic resistance (melded)
 Z - a cursed +2 pair of boots (melded)
Jewellery
 c - the ring "Nymy Xowuu" (right foreclaw) {SustAb rElec rF- MR+ Dex+6}
   (You bought it in a shop on level 3 of the Orcish Mines)

   [ring of sustain abilities]

   It sustains your strength, intelligence and dexterity.
   It affects your dexterity (+6).
   It makes you vulnerable to fire.
   It insulates you from electricity.
   It affects your resistance to hostile enchantments.
 i - a +5 ring of dexterity (left foreclaw)
 x - the cursed ring of Smeo {+Inv rElec rF++ Int+4 Stlth-}
   (You took it off an ironbrand convoker on level 5 of the Vaults)

   [ring of intelligence]

   It affects your intelligence (+4).
   It greatly protects you from fire.
   It insulates you from electricity.
   It lets you turn invisible.
   It makes you less stealthy.
   It has a curse placed upon it.
 A - a cursed amulet of guardian spirit (around neck)
 C - a cursed ring of see invisible
 D - a cursed amulet of clarity
 S - a cursed ring of invisibility
Magical devices
 o - a wand of slowing (17)
 t - a wand of confusion (20)
 u - a wand of teleportation (6)
 I - a wand of digging (7)
 K - a wand of flame (24)
 R - a wand of disintegration (9)
Scrolls
 g - 20 scrolls of remove curse
 j - 11 scrolls of teleportation
 p - a scroll of holy word
 y - 5 scrolls of fog
 z - 4 scrolls of blinking
 G - 6 scrolls of enchant armour
 H - 12 scrolls of magic mapping
 L - 2 scrolls of silence
 M - 2 scrolls of amnesia
 N - 7 scrolls of recharging
 O - 2 scrolls of enchant weapon
 T - 2 scrolls of summoning
 V - 6 scrolls of identify
 W - 2 scrolls of fear
Potions
 e - a potion of agility
 l - 4 potions of restore abilities
 n - 6 potions of brilliance
 q - 13 potions of curing
 v - 4 potions of resistance
 w - a potion of cure mutation
 B - 4 potions of might
 P - 2 potions of invisibility
 Y - a potion of flight
Books
 d - a book of Callings

   Spells                             Type                      Level
   a - Summon Small Mammal            Summoning                    1
   b - Call Imp                       Summoning                    2
   c - Call Canine Familiar           Summoning                    3
   d - Summon Guardian Golem          Hexes/Summoning              4
   e - Summon Lightning Spire         Summoning/Air                4
   f - Summon Ice Beast               Ice/Summoning                4
Miscellaneous
 h - a disc of storms
 J - a phial of floods
 Q - a legendary deck of wonders {drawn: 2}
Comestibles
 a - 14 bread rations
 f - 2 royal jellies
 k - 10 meat rations
 r - 11 beef jerkies
 E - 39 fruits


   Skills:
 - Level 19.7(19.6) Fighting
 + Level 21.2 Dodging
 + Level 23.2 Unarmed Combat
 - Level 8.8(8.7) Spellcasting
 + Level 23.0(22.9) Transmutations
 + Level 8.3(8.2) Fire Magic
 - Level 8.2(8.1) Earth Magic
 - Level 10.0(9.9) Invocations
 - Level 7.0 Evocations


You had 5 spell levels left.
You knew the following spells:

 Your Spells              Type           Power        Failure   Level  Hunger
a - Beastly Appendage     Trmt           ######       0%          1    None
b - Spider Form           Trmt/Pois      ######....   1%          3    None
c - Blade Hands           Trmt           ########..   0%          5    ####...
d - Statue Form           Trmt/Erth      #######..    1%          6    #####..
e - Ice Form              Ice/Trmt       ######..     1%          4    None
f - Ignite Poison         Fire/Trmt      #######...   1%          5    ####...
g - Dragon Form           Trmt           ########..   1%          7    #######
h - Passwall              Trmt/Erth      #######...   1%          3    None
i - Flight                Chrm/Air       ##........   14%         3    None


Dungeon Overview and Level Annotations

Branches:
Dungeon (15/15)            Temple (1/1) D:4            Lair (8/8) D:11
  Swamp (5/5) Lair:3        Snake (5/5) Lair:5        Slime (0/6) Lair:7
    Orc (4/4) D:12            Elf (3/3) Orc:4        Vaults (5/5) D:13
  Crypt (3/3) Vaults:3       Tomb (3/3) Crypt:3      Depths (1/5) D:15
   Hell (1/1)
    Dis: Hell:1         Geh: Hell:1         Coc: Hell:1         Tar: Hell:1

Altars:
Ashenzari
Cheibriados
Dithmenos
Elyvilon
Fedhas
Gozag
Kikubaaqudgha
Makhleb
Nemelex Xobeh
Okawaru
Qazlal
Ru
Sif Muna
Trog
Vehumet
Xom
Yredelemnul
Zin
The Shining One
Beogh
Lugonu

Shops:
D:11 (=   D:12 (   D:15 *   Orc:1 =   Orc:3 =[   Orc:4 [[*[   Vaults:2 !
Vaults:4 (   Vaults:5 !

Portals:
Hell: Depths:1
Pandemonium: Depths:1

Annotations:
Hell Geryon


Innate Abilities, Weirdness & Mutations

You can breathe blasts of scalding steam.
Your pale cyan-grey scales are hard (AC +12).
Your body does not fit into most forms of armour.
((Your cold-blooded metabolism reacts poorly to cold.))
((You have sharp fingernails.))
((You have very sharp teeth.))
((Your tail ends in a poisonous barb.))
((You have sharp toenails.))
Scrolls take you a little longer to read.
You can breathe flames.
Your body is slowly deteriorating.
You have an increased reservoir of magic (+10% MP).
You are robust (+10% HP).
You have difficulty communicating with the divine.


Message History

The putrid warmonger hits you with a demon trident of venom!
* * * LOW HITPOINT WARNING * * *
You feel drained.
You maul the putrid warmonger!!!!
You kill the putrid warmonger!
Cheibriados thoroughly appreciates the change of pace.
Your base Transmutations skill increases to level 23!
You hear a roar!
The torturous demonspawn closely misses you.
The monstrous demonspawn completely misses you. x2
The monstrous demonspawn misses you. The reaper closely misses you.
The infernal demonspawn completely misses you.
The torturous black sun completely misses you.
Drink which item? (? for menu, Esc to quit)
You feel better. The hellion closely misses you.
The torturous demonspawn completely misses you.
The infernal demonspawn completely misses you.
Read which item? (? for menu, Esc to quit)
The torturous black sun hits you from afar with an antimagic demon trident!!
You die...

......#.....+ ..#
........##... ....
.........#'# .....
%......'...###.......
+........)....&.......
#.......6)..∩#######''+##
#......26)..## #.#≈)..≈#
##+###'63#6##.# #.#≈...≈#
#?.2D6....# #.#§.?.§#
#......#.## #.#≈...≈#
#.##....#.# #3#≈...≈# '..
+....+ + #3#§...§# .##
#....# #.#4...≈# .....#
#.#4...≈# ......#
#3#≈4..≈# ##'####
#.#§...≈# . #.#≈...≈#


You could see Xoje, a monstrous demonspawn, a torturous black sun, a reaper, a
soul eater, a gelid demonspawn, an infernal demonspawn, a torturous demonspawn
and a hellion.

Vanquished Creatures
  Khufu (Tomb:1)
  30 greater mummies
  Saint Roka (Snake:5)
  A curse toe (Crypt:3)
  Jory (Vaults:2)
  Xtahua (Vaults:2)
  Frederick (Tomb:1)
  A bone dragon (Crypt:3)
  Nikola (Swamp:3)
  A Brimstone Fiend (Elf:3)
  2 Hell Sentinels (Elf:3)
  6 tentacled monstrosities (Vaults:5)
  Vashnia (Snake:2)
  3 liches
  3 deep elf blademasters
  A quicksilver dragon (Vaults:5)
  2 deep elf master archers (Elf:3)
  5 titans (Vaults:5)
  An Executioner (Elf:1)
  6 sphinxes
  13 ancient champions
  Rupert (Swamp:3)
  Agnes (Swamp:3)
  4 tengu reavers
  4 shadow dragons
  A storm dragon (Vaults:5)
  Frances (Swamp:1)
  3 thorn hunters (Swamp:5)
  Roxanne (Swamp:3)
  5 revenants
  4 fire giants (Vaults:5)
  Donald (Swamp:1)
  4 greater nagas (Snake:5)
  3 frost giants (Vaults:5)
  5 vault wardens
  6 deep elf sorcerers
  Aizul (Snake:2)
  Louise (Snake:2)
  2 iron dragons (Depths:1)
  An orc warlord (Orc:2)
  2 curse skulls
  A ghoul (Vaults:3)
  4 cacodemons
  4 emperor scorpions
  11 ironheart preservers
  6 reapers
  A warmonger (Pan)
  2 war gargoyles
  A lorocyproca (Depths:1)
  12 stone giants
  16 very ugly things
  11 deep elf annihilators
  2 corrupters (Pan)
  10 deep elf demonologists
  6 bennus
  3 dire elephants (Depths:1)
  5 vampire knights
  7 unborn
  Snorg (Swamp:3)
  28 vault guards
  4 green deaths
  22 mummy priests
  7 ettins
  8 eidola
  7 deep elf death magi
  A minotaur (Depths:1)
  2 merfolk impalers (Depths:1)
  15 yaktaur captains
  4 great orbs of eyes
  13 jiangshi
  Josephine (Swamp:1)
  5 fire dragons
  6 deep elf high priests
  Fannar (Elf:2)
  7 ice dragons
  Harold (Lair:2)
  28 naga warriors
  Nessos (Snake:2)
  31 hydras
  13 centaur warriors
  2 catoblepae
  15 anacondas
  3 rakshasas
  A death knight (Crypt:1)
  6 deep troll earth magi
  2 deep troll shamans (Depths:1)
  A spectral stone giant (Crypt:3)
  26 death yaks
  19 dancing weapons (Elf:2)
  2 tengu warriors
  4 vampire magi
  9 alligators
  A titan zombie (Tomb:1)
  2 sun demons
  4 shock serpents
  2 hell hogs (Hell)
  16 ogre magi
  8 hell beasts (Hell)
  21 naga sharpshooters
  3 orc high priests
  A fire crab (Vaults:5)
  A storm dragon zombie (Vaults:4)
  16 soul eaters
  The ghost of Virusyak the Thrower, an experienced CeHu of Okawaru (D:9)
  5 shadow wraiths
  29 skeletal warriors
  20 deep elf knights
  59 death scarabs
  44 slime creatures
  A fire crab (shapeshifter) (D:15)
  An infernal demonspawn (Pan)
  3 ice devils
  A golden dragon zombie (Crypt:3)
  2 storm dragon skeletons
  4 unseen horrors
  21 deep trolls
  A shadow demon (Pan)
  A shambling mangrove (Swamp:5)
  11 swamp dragons
  6 deep elf summoners
  A harpy (shapeshifter) (D:15)
  A shadow dragon zombie (Depths:1)
  17 hill giants
  11 naga ritualists
  3 gelid demonspawn (Pan)
  A giant orange brain (D:15)
  A putrid demonspawn (Pan)
  13 mana vipers
  10 necromancers
  A torturous demonspawn (Pan)
  37 anubis guards
  An anubis guard (shapeshifter) (Vaults:5)
  A hill giant (shapeshifter) (Vaults:5)
  2 tengu zombies
  15 orc knights
  An anaconda skeleton (Tomb:2)
  14 ironbrand convokers
  2 wizards
  21 deep elf conjurers
  3 flayed ghosts
  A wolf spider zombie (Tomb:2)
  A hell hog zombie (Hell)
  34 ugly things
  5 wolf spiders
  3 hornets
  A fire giant zombie (Hell)
  4 griffons
  A wolf spider (shapeshifter) (Vaults:5)
  A frost giant zombie (Depths:1)
  2 stone giant zombies (Depths:1)
  A manticore (D:13)
  An iron dragon zombie (Crypt:3)
  3 large abominations
  A guardian serpent (shapeshifter) (D:15)
  7 sixfirhies
  2 draconians (shapeshifter)
  15 phantasmal warriors
  A sphinx skeleton (Vaults:2)
  A salamander (shapeshifter) (Vaults:2)
  8 cyclopes
  47 black mambas
  10 orc sorcerers
  2 fire giant skeletons
  6 guardian serpents
  A shock serpent zombie (Crypt:3)
  3 smoke demons
  2 centaur zombies
  9 salamanders
  A frost giant skeleton (Tomb:1)
  21 spiny frogs
  A storm dragon simulacrum (Crypt:3)
  4 stone giant skeletons
  A titan simulacrum (Tomb:3)
  10 elephants
  36 naga magi
  19 vault sentinels
  A rust devil (Elf:1)
  3 gargoyles
  2 dire elephant skeletons
  An emperor scorpion zombie (Depths:1)
  A black mamba (shapeshifter) (Depths:1)
  A pale draconian zombie (Crypt:2)
  5 small abominations
  A ghost moth simulacrum (Hell)
  An orange demon (Orc:4)
  A swamp worm zombie (Swamp:4)
  6 kobold demonologists
  A red draconian zombie (Crypt:2)
  7 hellwings
  A demonic crawler (Elf:1)
  2 efreet (D:13)
  25 yaktaurs
  2 silent spectres
  A tengu conjurer (Depths:1)
  14 trolls
  2 blue devils
  23 freezing wraiths
  A grey draconian skeleton (Crypt:1)
  42 guardian mummies
  A fire drake (shapeshifter) (Vaults:3)
  A queen bee (shapeshifter) (Vaults:1)
  A catoblepas skeleton (Crypt:3)
  7 spriggan druids
  8 komodo dragons
  3 fire drakes
  4 giant leeches
  A baby alligator (shapeshifter) (Vaults:1)
  8 deep elf priests
  32 blink frogs
  3 hydra zombies
  A harpy zombie (Tomb:3)
  A tengu simulacrum (Vaults:2)
  A polar bear (shapeshifter) (Vaults:5)
  7 polar bears (Lair:8)
  A hydra skeleton (Hell)
  A jumping spider (shapeshifter) (Vaults:2)
  18 ushabtiu
  A hornet zombie (Swamp:4)
  4 boulder beetles
  28 two-headed ogres
  3 red devils (Pan)
  An ice dragon zombie (Depths:1)
  2 fire dragon zombies
  A frost giant simulacrum (Vaults:3)
  4 baby alligators
  2 deep troll zombies (Depths:1)
  A snapping turtle (Lair:5)
  21 deep elf magi
  27 ravens
  A redback (shapeshifter) (Depths:1)
  9 vampires
  7 bog bodies
  2 ettin skeletons
  2 wyverns
  8 redbacks
  2 basilisks
  A hill giant zombie (Crypt:2)
  5 ynoxinuls
  2 black mamba skeletons
  2 black mamba zombies
  28 flying skulls
  23 spriggans
  3 water elementals (Depths:1)
  A tarantella (shapeshifter) (Vaults:1)
  A dire elephant simulacrum (Tomb:2)
  20 shadows
  A giant leech zombie (Swamp:4)
  15 wraiths
  A wind drake zombie (Crypt:3)
  2 elf zombies
  A chaos spawn (Elf:3)
  A yaktaur simulacrum (Depths:1)
  31 deep elf fighters
  24 vampire mosquitoes
  A mottled dragon (Vaults:2)
  A spriggan simulacrum (Depths:1)
  29 swamp worms
  3 hungry ghosts
  2 neqoxecs
  8 wargs
  3 insubstantial wisps (Swamp:4)
  A mottled dragon (shapeshifter) (D:15)
  29 yaks
  Menkaure (D:4)
  A torturous demonspawn zombie (Crypt:1)
  23 wolves
  69 nagas
  A soldier ant (D:13)
  14 hippogriffs
  42 water moccasins
  16 swamp drakes
  38 orc warriors
  11 porcupines
  A spiny frog zombie (Crypt:1)
  A harpy simulacrum (Crypt:3)
  2 hell hounds (Hell)
  A putrid demonspawn skeleton (Crypt:3)
  An ice dragon simulacrum (Crypt:3)
  2 sky beasts
  4 naga zombies (Snake:5)
  7 ice beasts
  14 centaurs
  A dwarf (shapeshifter) (D:15)
  An eye of draining (D:12)
  A swamp dragon zombie (Crypt:1)
  7 black bears
  2 phantoms
  8 boggarts
  A black mamba simulacrum (Tomb:3)
  3 necrophages
  A sky beast (shapeshifter) (D:15)
  A swamp dragon skeleton (Crypt:3)
  58 ogres
  An elephant skeleton (Crypt:1)
  12 wasps
  A lindwurm skeleton (Crypt:3)
  A brain worm (D:13)
  12 crocodiles
  A komodo dragon zombie (Swamp:4)
  A human zombie (Vaults:4)
  11 big kobolds
  Blork the orc (D:6)
  A dryad skeleton (Crypt:2)
  20 giant frogs
  A salamander skeleton (Crypt:3)
  A wyvern zombie (D:13)
  3 scorpions
  A wyvern skeleton (D:11)
  A hippogriff zombie (Crypt:3)
  19 killer bees
  A warg zombie (Snake:5)
  11 wights
  2 goliath beetles (D:11)
  2 human simulacra
  A wolf skeleton (Crypt:1)
  17 crimson imps
  A wasp zombie (D:7)
  26 orc priests
  10 hounds
  3 two-headed ogre zombies
  Crazy Yiuf (D:4)
  11 iguanas
  A demonspawn skeleton (Crypt:2)
  7 jellies
  3 centaur skeletons
  6 giant frog skeletons
  8 worker ants
  2 hell rats (Elf:3)
  23 orc wizards
  An elf simulacrum (Vaults:3)
  37 sheep
  4 killer bee zombies
  2 ogre zombies
  A dwarf zombie (Crypt:2)
  A mottled dragon zombie (Crypt:1)
  45 mummies
  A hound skeleton (D:8)
  A hound zombie (D:5)
  3 gnolls (D:8)
  98 river rats
  18 adders
  A giant mite (D:6)
  2 shadow imps
  A worm (D:3)
  2 ufetubi
  9 giant geckos
  5 oozes
  148 orcs
  A ball python (D:1)
  13 bats
  2 bat skeletons
  A bat zombie (D:7)
  10 goblins
  20 hobgoblins
  5 jackals
  36 kobolds
  A ball python skeleton (Crypt:1)
  10 giant cockroaches
  A giant gecko skeleton (D:8)
  3 giant newts
  2 giant spores
  A gnoll skeleton (Crypt:3)
  A kobold zombie (Crypt:3)
  5 orc zombies
  12 quokkas
  A quokka skeleton (D:5)
  11 rats
  7 ballistomycetes
  2 fungi
  2 grand avatars (Pan)
  A plant (Depths:1)
2931 creatures vanquished.

Vanquished Creatures (others)
  2 bennus (Tomb:2)
  An unborn (Tomb:1)
  A deep elf high priest (Vaults:5)
  A titan skeleton (Tomb:1)
  24 death scarabs
  A putrid demonspawn (Tomb:1)
  An unseen horror (Vaults:1)
  A wizard (Vaults:1)
  A fire giant zombie (Tomb:1)
  A stone giant skeleton (Tomb:2)
  A spiny frog (Lair:7)
  4 guardian mummies (Tomb:2)
  A deep elf priest (Elf:1)
  A hydra skeleton (Tomb:2)
  5 flying skulls
  An alligator skeleton (Tomb:2)
  3 deep elf magi
  A harpy simulacrum (Tomb:2)
  A hungry ghost (D:15)
  4 deep elf fighters (Elf:1)
  A warg (Vaults:5)
  2 nagas
  A necrophage (Tomb:3)
  A sky beast (D:11)
  8 lost souls
  A giant frog (Lair:7)
  A wight (Tomb:3)
  4 orc priests
  3 mummies
  A river rat (Lair:7)
  2 orcs
  A giant spore (D:11)
  A goblin (Elf:1)
  A butterfly (D:10)
  A crawling corpse (Elf:3)
  6 fungi
  4 plants
95 creatures vanquished.

Grand Total: 3026 creatures vanquished

Notes
Turn   | Place    | Note
--------------------------------------------------------------
     0 | D:1      | Virusyak, the Draconian Transmuter, began the quest for the Orb.
     0 | D:1      | Reached XP level 1. HP: 16/16 MP: 3/3
   300 | D:1      | Reached XP level 2. HP: 21/23 MP: 4/4
   830 | D:2      | Found a bloodstained altar of Trog.
   969 | D:3      | Reached XP level 3. HP: 26/29 MP: 6/6
   974 | D:3      | Learned a level 3 spell: Spider Form
  1206 | D:3      | Reached XP level 4. HP: 28/36 MP: 3/7
  1829 | D:4      | Reached XP level 5. HP: 17/42 MP: 7/9
  1830 | D:4      | Reached skill level 4 in Unarmed Combat
  2446 | D:4      | Found a radiant altar of Vehumet.
  2524 | D:4      | Noticed an ogre
  2525 | D:4      | Found a staircase to the Ecumenical Temple.
  2535 | D:4      | Killed an ogre
  2535 | D:4      | Reached XP level 6. HP: 38/51 MP: 3/10
  2544 | Temple   | Entered the Ecumenical Temple
  2558 | Temple   | Became a worshipper of Cheibriados the Contemplative
  2640 | D:4      | Noticed Crazy Yiuf
  2643 | D:4      | Noticed Menkaure
  2651 | D:4      | Killed Crazy Yiuf
  2657 | D:4      | Killed Menkaure
  2657 | D:4      | Reached skill level 5 in Transmutations
  2939 | D:4      | Found a sacrificial altar of Ru.
  3019 | D:5      | Entered Level 5 of the Dungeon
  3034 | D:5      | Learned a level 5 spell: Blade Hands
  3086 | D:5      | Your scales start fading to a pale cyan-grey colour.
  3086 | D:5      | Reached XP level 7. HP: 24/59 MP: 8/12
  3222 | D:5      | Gained mutation: You have sharp fingernails. [potion of mutation]
  3222 | D:5      | Gained mutation: You have very sharp teeth. [potion of mutation]
  3222 | D:5      | Gained mutation: You have an increased reservoir of magic (+10% MP). [potion of mutation]
  3251 | D:5      | Found a blossoming altar of Fedhas.
  3252 | D:5      | Found a sparkling altar of Nemelex Xobeh.
  3254 | D:5      | Found a burning altar of Makhleb.
  3257 | D:5      | Found a glowing silver altar of Zin.
  3258 | D:5      | Found an opulent altar of Gozag.
  3263 | D:5      | Found a glowing golden altar of the Shining One.
  3391 | D:5      | Acquired Cheibriados' first power
  3428 | D:5      | Reached skill level 5 in Unarmed Combat
  3544 | D:5      | Reached skill level 6 in Transmutations
  4013 | D:6      | Reached XP level 8. HP: 66/66 MP: 12/14
  4111 | D:6      | Noticed Blork the orc
  4114 | D:6      | Reached skill level 7 in Transmutations
  4122 | D:6      | Killed Blork the orc
  4317 | D:7      | Found a shattered altar of Ashenzari.
  4890 | D:8      | Reached skill level 8 in Transmutations
  5111 | D:8      | Acquired Cheibriados' second power
  5179 | D:8      | Reached XP level 9. HP: 47/71 MP: 9/15
  6062 | D:9      | Reached skill level 9 in Transmutations
  6175 | D:9      | Found a deep blue altar of Sif Muna.
  6261 | D:9      | Reached skill level 5 in Dodging
  6298 | D:9      | Noticed Virusyak's ghost (experienced CeHu)
  6309 | D:9      | Killed Virusyak's ghost
  6309 | D:9      | Reached skill level 10 in Transmutations
  6514 | D:9      | Reached XP level 10. HP: 76/79 MP: 11/17
  6703 | D:10     | Entered Level 10 of the Dungeon
  6849 | D:10     | Acquired Cheibriados' third power
  6849 | D:10     | Reached skill level 5 in Fighting
  6885 | D:10     | Killed an unseen horror
  7134 | D:10     | Killed an unseen horror
  7439 | D:10     | Found an ancient bone altar of Kikubaaqudgha.
  7679 | D:10     | Acquired Cheibriados' fourth power
  7679 | D:10     | Reached skill level 11 in Transmutations
  7885 | D:11     | Noticed an elephant
  7886 | D:11     | Found a staircase to the Lair.
  7897 | D:11     | Killed an elephant
  7897 | D:11     | Reached XP level 11. HP: 56/91 MP: 8/18
  8146 | D:11     | Noticed a hill giant
  8149 | D:11     | Killed a hill giant
  8156 | D:11     | Found Iwyuvuc's Jewellery Boutique.
  8171 | D:11     | Bought an uncursed ring of see invisible for 225 gold pieces
  8442 | D:11     | Noticed an unseen horror
  8448 | D:11     | Killed an unseen horror
  8472 | D:11     | Reached skill level 10 in Unarmed Combat
  8868 | D:11     | Found Amius' Antique Weapon Shop.
  9031 | D:11     | Noticed a green ugly thing
  9035 | D:11     | Killed a green ugly thing
  9118 | Lair:1   | Entered Level 1 of the Lair of Beasts
  9839 | Lair:1   | Reached skill level 12 in Transmutations
  9934 | Lair:2   | Noticed Harold
  9942 | Lair:2   | Killed Harold
  9942 | Lair:2   | Reached XP level 12. HP: 98/103 MP: 13/22
 10204 | Lair:2   | Noticed a seven-headed hydra
 10286 | Lair:2   | Killed a seven-headed hydra
 11204 | Lair:3   | Found a staircase to the Swamp.
 11405 | Lair:3   | Learned a level 6 spell: Statue Form
 12238 | Lair:4   | Noticed a six-headed hydra
 12246 | Lair:4   | Killed a six-headed hydra
 12246 | Lair:4   | Reached skill level 5 in Spellcasting
 12536 | Lair:4   | Reached skill level 13 in Transmutations
 12641 | Lair:4   | Reached skill level 1 in Earth Magic
 13034 | Lair:5   | Noticed a four-headed hydra
 13040 | Lair:5   | Killed a four-headed hydra
 13085 | Lair:5   | Reached XP level 13. HP: 105/108 MP: 22/27
 13115 | Lair:5   | Found a staircase to the Snake Pit.
 13436 | Lair:5   | Noticed a six-headed hydra
 13441 | Lair:5   | Killed a six-headed hydra
 13619 | Lair:5   | Found a staircase to the Shoals.
 14092 | Lair:6   | Reached skill level 5 in Earth Magic
 15054 | Lair:7   | Found a staircase to the Slime Pits.
 15097 | Lair:7   | Reached skill level 10 in Dodging
 16212 | Lair:8   | Entered Level 8 of the Lair of Beasts
 16218 | Lair:8   | Reached XP level 14. HP: 116/116 MP: 28/28
 16907 | Lair:8   | Reached skill level 14 in Unarmed Combat
 17624 | Snake:1  | Entered Level 1 of the Snake Pit
 18948 | Snake:2  | Noticed Nessos
 18950 | Snake:2  | Reached XP level 15. HP: 126/126 MP: 21/29
 18954 | Snake:2  | Killed Nessos
 18995 | Snake:2  | Noticed Aizul
 19003 | Snake:2  | Killed Aizul
 19003 | Snake:2  | Reached skill level 10 in Fighting
 19056 | Snake:2  | Noticed Vashnia
 19067 | Snake:2  | Killed Vashnia
 19372 | Snake:2  | You fall through a shaft for 2 floors!
 19663 | Snake:4  | Found a stormy altar of Qazlal.
 20246 | Snake:3  | Reached skill level 15 in Unarmed Combat
 20648 | Snake:3  | Reached skill level 1 in Invocations
 21072 | Snake:2  | Noticed Louise
 21074 | Snake:2  | Reached XP level 16. HP: 137/137 MP: 8/30
 21086 | Snake:2  | Killed Louise
 21111 | Snake:2  | Identified 3 scrolls of acquirement
 21138 | Snake:2  | Got a jewelled large shield
 21153 | Snake:2  | Learned a level 4 spell: Ice Form
 21603 | Snake:4  | Reached skill level 5 in Invocations
 22449 | Snake:5  | Entered Level 5 of the Snake Pit
 23083 | Snake:5  | Reached skill level 15 in Transmutations
 23143 | Snake:5  | Reached skill level 16 in Unarmed Combat
 23153 | Snake:5  | Noticed Saint Roka
 23472 | Snake:5  | Reached XP level 17. HP: 138/144 MP: 25/31
 23594 | Snake:5  | Killed Saint Roka
 23747 | Snake:5  | Got a serpentine rune of Zot
 24305 | Swamp:1  | Entered Level 1 of the Swamp
 24412 | Swamp:1  | Noticed Josephine
 24418 | Swamp:1  | Killed Josephine
 24506 | Swamp:1  | Gained mutation: Your tail ends in a poisonous barb. [potion of mutation]
 24506 | Swamp:1  | Gained mutation: Your body is slowly deteriorating. [potion of mutation]
 24506 | Swamp:1  | Gained mutation: You are robust (+10% HP). [potion of mutation]
 24597 | Swamp:1  | Noticed Donald
 24604 | Swamp:1  | Killed Donald
 24774 | Swamp:1  | Noticed Frances
 24780 | Swamp:1  | Killed Frances
 25557 | Swamp:2  | Got a smoking quarterstaff
 25558 | Swamp:2  | Identified the cursed +0 quarterstaff "Filengax" {venom, +Fly MR++} (You found it on level 2 of the Swamp)
 25624 | Swamp:3  | Noticed Nikola
 25627 | Swamp:3  | Killed Nikola
 25688 | Swamp:3  | Noticed Snorg
 25694 | Swamp:3  | Killed Snorg
 25835 | Swamp:3  | Noticed Roxanne
 25838 | Swamp:3  | Noticed Rupert
 25839 | Swamp:3  | Paralysed by Rupert for 6 turns
 25847 | Swamp:3  | Killed Rupert
 25848 | Swamp:3  | Killed Roxanne
 25861 | Swamp:3  | Identified Roxanne's Collected Works on the Mutagenic Mountains (You took it off Roxanne on level 3 of the Swamp)
 25920 | Swamp:3  | Noticed Agnes
 25923 | Swamp:3  | Killed Agnes
 26392 | Swamp:3  | Reached skill level 17 in Unarmed Combat
 26460 | Swamp:4  | Reached XP level 18. HP: 166/166 MP: 26/33
 26462 | Swamp:4  | Reached skill level 10 in Invocations
 27091 | Swamp:4  | Found a glowing silver altar of Zin.
 27461 | Swamp:5  | Entered Level 5 of the Swamp
 27695 | Swamp:5  | Reached skill level 15 in Dodging
 28191 | Swamp:5  | Got a decaying rune of Zot
 28751 | D:12     | Found a staircase to the Orcish Mines.
 28757 | D:12     | Found Kyciot's Weapon Emporium.
 29803 | Orc:1    | Entered Level 1 of the Orcish Mines
 29853 | Orc:1    | Found Gafus' Jewellery Shoppe.
 30057 | Orc:2    | Found a roughly hewn altar of Beogh.
 30218 | Orc:3    | Found Yrryag's Antique Armour Shop.
 30278 | Orc:3    | Found Weab's Jewellery Emporium.
 30294 | Orc:3    | Bought the ring "Nymy Xowuu" {SustAb rElec rF- MR+ Dex+6} for 640 gold pieces
 30512 | Orc:4    | Entered Level 4 of the Orcish Mines
 30538 | Orc:4    | Found Peqizone's General Store.
 30552 | Orc:4    | Found Jieshro Maom's Armour Emporium.
 30571 | Orc:4    | Found Ceopheom's Antique Armour Emporium.
 30592 | Orc:4    | Found Schoegank's Antique Armour Shoppe.
 30603 | Orc:4    | Bought a runed hat for 124 gold pieces
 30705 | Orc:4    | Found a staircase to the Elven Halls.
 31487 | Elf:1    | Entered Level 1 of the Elven Halls
 32593 | Elf:2    | Reached XP level 19. HP: 178/178 MP: 34/34
 32605 | Elf:2    | Found a runed gate.
 32606 | Elf:2    | Found a runed gate.
 32606 | Elf:2    | Found a runed gate.
 32954 | Elf:2    | Noticed Fannar
 32961 | Elf:2    | Killed Fannar
 33177 | Elf:2    | Reached skill level 18 in Unarmed Combat
 33411 | Elf:3    | Entered Level 3 of the Elven Halls
 33555 | Elf:3    | HP: 11/236 [deep elf master archer/poisoned arrow (8)]
 34385 | Elf:3    | Learned a level 5 spell: Ignite Poison
 34456 | Elf:3    | Gained mutation: You can breathe flames. [potion of beneficial mutation]
 35080 | D:13     | Found a gate to the Vaults.
 35092 | Vaults:1 | Entered Level 1 of the Vaults
 35581 | Vaults:1 | Reached XP level 20. HP: 191/191 MP: 27/35
 36614 | Vaults:2 | Reached skill level 15 in Fighting
 36703 | Vaults:2 | Reached skill level 19 in Unarmed Combat
 36825 | Vaults:2 | Found Oqukh's Distillery.
 36834 | Vaults:2 | Bought a potion of beneficial mutation for 420 gold pieces
 36834 | Vaults:2 | Bought a potion of curing for 36 gold pieces
 36834 | Vaults:2 | Gained mutation: You have sharp toenails. [potion of beneficial mutation]
 36924 | Vaults:2 | Noticed Xtahua
 36926 | Vaults:2 | Killed Xtahua
 37074 | Vaults:2 | Noticed Jory
 37082 | Vaults:2 | Killed Jory
 38053 | Vaults:3 | Found a staircase to the Crypt.
 38182 | Vaults:3 | Reached XP level 21. HP: 203/203 MP: 32/35
 38733 | Vaults:4 | Found Soatruom's Antique Weapon Emporium.
 38810 | Vaults:4 | Identified the Handbook of Enchantment
 39141 | Vaults:4 | Reached skill level 1 in Evocations
 39844 | Vaults:5 | Entered Level 5 of the Vaults
 40288 | Vaults:5 | Reached skill level 5 in Evocations
 40611 | Vaults:5 | Reached XP level 22. HP: 215/215 MP: 30/36
 40790 | Vaults:5 | Reached skill level 20 in Unarmed Combat
 40814 | Vaults:5 | Found Cosh's Distillery.
 40865 | Vaults:5 | Bought a potion of cure mutation for 700 gold pieces
 40865 | Vaults:5 | Bought a potion of heal wounds for 100 gold pieces
 41139 | Vaults:5 | Identified the Grimoire of the Entourage
 41223 | Vaults:5 | Identified Roxanne's Almanac of Transmutation (You found it on level 5 of the Vaults)
 41235 | Vaults:5 | Learned a level 7 spell: Dragon Form
 41244 | Vaults:5 | Identified Sif Muna's Collected Works on Air and Self-Improvement
 41261 | Vaults:5 | Got a heavily runed bone ring
 41262 | Vaults:5 | Identified the ring "Siojoyt" {MP+9 Str+4} (You found it on level 5 of the Vaults)
 41402 | Vaults:5 | Got a glittering ivory ring
 41405 | Vaults:5 | Identified Sif Muna's Disquisition on Freezing Confrontation
 41419 | Vaults:5 | Identified the ring of Smeo {+Inv rElec rF++ Int+4 Stlth-} (You took it off an ironbrand convoker on level 5 of the Vaults)
 41490 | Vaults:5 | Got a translucent cloak
 41492 | Vaults:5 | Identified the +0 cloak of Dishonesty {-Cast MP+9 Dex+6} (You found it on level 5 of the Vaults)
 41637 | Vaults:5 | Got a warped platinum ring
 41638 | Vaults:5 | Identified the ring of Felamueg {rElec rF+ rN+ EV+3} (You took it off a tengu reaver on level 5 of the Vaults)
 41967 | Vaults:5 | Got a silver rune of Zot
 42460 | Lair:2   | Learned a level 3 spell: Passwall
 42801 | Crypt:1  | Entered Level 1 of the Crypt
 42994 | Crypt:1  | Found an ancient bone altar of Kikubaaqudgha.
 43962 | Crypt:3  | Entered Level 3 of the Crypt
 43975 | Crypt:3  | Found a staircase to the Tomb.
 44249 | Crypt:3  | Reached XP level 23. HP: 225/225 MP: 35/38
 44560 | Crypt:3  | Found a basalt altar of Yredelemnul.
 44563 | Crypt:3  | Found an ancient bone altar of Kikubaaqudgha.
 44589 | Crypt:3  | Got a steaming steel ring
 44782 | Crypt:3  | Identified the ring of Salvation {+Fly rPois rN+ Str-3 Int+4 Dex+6} (You took it off a vampire on level 3 of the Crypt)
 44814 | Crypt:3  | Got a crude jade ring
 44817 | Crypt:3  | Identified Cigotuvi's Reference Book on Unholy Rituals
 44919 | Crypt:3  | Identified the ring "Wettutag" {-Cast +Blink rElec rN+ MR+ Dex+2} (You found it on level 3 of the Crypt)
 44949 | Crypt:3  | Hired Hycwot the naga for 136 gold.
 44951 | Crypt:3  | Hired Boboro the putrid demonspawn for 673 gold.
 45020 | Tomb:1   | Entered Level 1 of the Tomb of the Ancients
 45092 | Tomb:1   | Noticed Frederick
 45095 | Tomb:1   | Killed Frederick
 45181 | Tomb:1   | Your ally Hycwot died
 45194 | Tomb:1   | Your ally Boboro died
 45211 | Tomb:1   | Noticed a greater mummy
 45222 | Tomb:1   | Killed a greater mummy
 45222 | Tomb:1   | Reached skill level 21 in Unarmed Combat
 45874 | Tomb:1   | Noticed a greater mummy
 45878 | Tomb:1   | Killed a greater mummy
 46270 | Tomb:2   | Noticed a greater mummy
 46270 | Tomb:2   | Noticed a greater mummy
 46465 | Tomb:2   | Noticed a greater mummy
 46465 | Tomb:2   | Noticed a greater mummy
 46754 | Tomb:2   | Killed a greater mummy
 46759 | Tomb:2   | Killed a greater mummy
 46762 | Tomb:2   | Killed a greater mummy
 46772 | Tomb:1   | Killed a greater mummy
 47023 | Tomb:2   | Reached XP level 24. HP: 237/237 MP: 33/39
 47419 | Tomb:2   | Paralysed by a Zot trap for 5 turns
 47530 | Tomb:1   | Noticed a greater mummy
 47744 | Tomb:1   | Killed a greater mummy
 48154 | Tomb:1   | Noticed a greater mummy
 48157 | Tomb:1   | Noticed a greater mummy
 48158 | Tomb:1   | Noticed a greater mummy
 48158 | Tomb:1   | Noticed a greater mummy
 48181 | Tomb:1   | Noticed a greater mummy
 48181 | Tomb:1   | Noticed a greater mummy
 48185 | Tomb:1   | Killed a greater mummy
 48186 | Tomb:1   | Killed a greater mummy
 48192 | Tomb:1   | Killed a greater mummy
 48319 | Tomb:1   | Killed a greater mummy
 48497 | Tomb:1   | Noticed a greater mummy
 48503 | Tomb:1   | Killed a greater mummy
 48545 | Tomb:1   | Noticed a greater mummy
 48548 | Tomb:1   | Noticed Khufu
 48548 | Tomb:1   | Noticed a greater mummy
 48549 | Tomb:1   | Noticed a greater mummy
 48559 | Tomb:1   | Killed a greater mummy
 48840 | Tomb:1   | Killed a greater mummy
 48843 | Tomb:1   | Killed Khufu
 48848 | Tomb:1   | Killed a greater mummy
 48858 | Tomb:1   | Noticed a greater mummy
 48860 | Tomb:1   | Killed a greater mummy
 48947 | Tomb:1   | Noticed a greater mummy
 48950 | Tomb:1   | Killed a greater mummy
 48953 | Tomb:1   | Noticed a greater mummy
 48958 | Tomb:1   | Killed a greater mummy
 48988 | Tomb:1   | Noticed a greater mummy
 48993 | Tomb:1   | Killed a greater mummy
 48997 | Tomb:1   | Killed a greater mummy
 49000 | Tomb:1   | Killed a greater mummy
 49675 | Tomb:3   | Entered Level 3 of the Tomb of the Ancients
 49685 | Tomb:3   | Noticed a greater mummy
 49843 | Tomb:3   | Killed a greater mummy
 49843 | Tomb:3   | Reached skill level 22 in Unarmed Combat
 49846 | Tomb:3   | Noticed a greater mummy
 50015 | Tomb:3   | Noticed a greater mummy
 50022 | Tomb:3   | Noticed a greater mummy
 50024 | Tomb:2   | Reached XP level 25. HP: 213/248 MP: 22/40
 50487 | Tomb:3   | Killed a greater mummy
 50488 | Tomb:3   | Killed a greater mummy
 50666 | Tomb:3   | Killed a greater mummy
 50669 | Tomb:3   | Noticed a greater mummy
 50677 | Tomb:3   | Killed a greater mummy
 50683 | Tomb:3   | Noticed a greater mummy
 50689 | Tomb:3   | Killed a greater mummy
 50692 | Tomb:3   | Noticed a greater mummy
 50693 | Tomb:3   | Noticed a greater mummy
 51174 | Tomb:3   | Killed a greater mummy
 51548 | Tomb:3   | Got a warped amethyst amulet
 51577 | Tomb:3   | Killed a greater mummy
 51686 | Tomb:3   | Noticed a greater mummy
 51692 | Tomb:3   | Killed a greater mummy
 51747 | Tomb:3   | Got a golden rune of Zot
 51837 | Tomb:3   | Identified the Reference Book on Cold and Malediction
 52063 | Tomb:3   | Identified An Early Guide to Theurgy
 52093 | Tomb:3   | Identified a +5 rod of inaccuracy (12/12) (You found it on level 3 of the Tomb of the Ancients)
 52098 | Tomb:3   | Got a pair of bloodstained gloves
 52111 | Tomb:3   | Identified the +2 pair of gloves "Skiev" {rElec rC+ Str+4 Dex-3} (You found it on level 3 of the Tomb of the Ancients)
 52220 | Tomb:3   | Identified the cursed amulet "Tarag" {Inacc Dex+2 Stlth+} (You found it on level 3 of the Tomb of the Ancients)
 53391 | D:13     | Identified Sif Muna's Grimoire of Feathers and Attacks
 53403 | D:13     | Learned a level 3 spell: Flight
 53448 | D:13     | Reached skill level 1 in Fire Magic
 54517 | D:15     | Entered Level 15 of the Dungeon
 54708 | D:15     | Found Pluocs' Assorted Antiques.
 54913 | D:15     | Found a staircase to the Depths.
 55032 | D:15     | Found a shadowy altar of Dithmenos.
 55271 | Depths:1 | Entered Level 1 of the Depths
 55391 | Depths:1 | Found a gateway to Hell.
 55396 | Hell     | Entered the Vestibule of Hell
 55396 | Hell     | Noticed Geryon
 56219 | Depths:1 | Reached XP level 26. HP: 236/260 MP: 39/40
 56253 | Depths:1 | Reached skill level 5 in Fire Magic
 56623 | Depths:1 | Reached skill level 23 in Unarmed Combat
 56868 | Depths:1 | Found a one-way gate leading to the halls of Pandemonium.
 57587 | Pan      | Entered Pandemonium
 57618 | Pan      | Noticed Xoje the pandemonium lord
 57710 | Pan      | Gained mutation: You have difficulty communicating with the divine. [a cacodemon]
 57713 | Pan      | Gained mutation: Scrolls take you much longer to read. [a cacodemon]
 57745 | Pan      | HP: 15/382 [putrid warmonger/demon trident of venom (21)]
 57745 | Pan      | HP: 2/382 [putrid warmonger/demon trident of venom (13)]
 57748 | Pan      | Mangled by a torturous black sun

Action                   |  1- 3 |  4- 6 |  7- 9 | 10-12 | 13-15 | 16-18 | 19-21 | 22-24 | 25-27 || total
-------------------------+-------+-------+-------+-------+-------+-------+-------+-------+-------++-------
Melee: Unarmed           |   122 |   199 |   237 |   468 |   657 |  1066 |   852 |   711 |   688 ||  5000
 Cast: Beastly Appendage |     1 |     5 |     8 |       |       |       |       |       |     1 ||    15
       Spider Form       |     4 |     7 |     3 |     1 |       |       |       |       |       ||    15
       Blade Hands       |       |       |     8 |    33 |    24 |     2 |       |       |       ||    67
       Statue Form       |       |       |       |       |    24 |    67 |    66 |    75 |    56 ||   288
       Ice Form          |       |       |       |       |       |     7 |       |       |     1 ||     8
       Dragon Form       |       |       |       |       |       |       |       |     1 |     8 ||     9
       Ignite Poison     |       |       |       |       |       |       |       |     1 |     1 ||     2
Invok: Slouch            |       |       |       |       |       |     1 |     2 |     4 |     3 ||    10
       Temporal Distorti |       |       |       |       |       |     1 |     1 |     1 |     1 ||     4
       Step From Time    |       |       |       |       |       |       |       |     1 |     2 ||     3
 Abil: Breathe Steam     |       |       |     1 |       |     1 |       |       |       |       ||     2
       End Transformatio |       |       |     1 |       |     3 |     4 |       |       |     3 ||    11
Evoke: Wand              |       |       |       |       |     6 |     1 |       |     1 |     1 ||     9
       Disc of storms    |       |       |       |       |       |       |       |     1 |       ||     1
       Deck              |       |       |       |       |       |       |       |     2 |       ||     2
  Use: Scroll            |       |       |    10 |    11 |     5 |    27 |     3 |    12 |    10 ||    78
       Potion            |       |       |     6 |     2 |     5 |     8 |    11 |     2 |    18 ||    52
 Stab: Sleeping          |     1 |       |     5 |    12 |    12 |     9 |     8 |     4 |     8 ||    59
       Distracted        |       |       |       |     1 |     3 |     4 |     1 |     6 |     5 ||    20
  Eat: Chunk             |     1 |     8 |     3 |     8 |     5 |    39 |    15 |     3 |     6 ||    88
       Bread ration      |       |       |     1 |     3 |     3 |     2 |     5 |     6 |     1 ||    21
       Beef jerky        |       |       |     5 |       |     1 |       |       |     2 |       ||     8
       Fruit             |       |       |       |     3 |     6 |       |       |       |     2 ||    11
       Meat ration       |       |       |       |       |     2 |       |     2 |     2 |     4 ||    10
       Pizza             |       |       |       |       |       |     6 |     1 |     1 |       ||     8
       Royal jelly       |       |       |       |       |       |       |       |       |     2 ||     2
